 Dungeon Crawl Stone Soup version 0.30.1-4-g462c640d31 (webtiles) character file.

Game seed: 16728746518736484536

21 Almogavar the Slasher (level 2, -3/27 HPs)
             Began as a Minotaur Berserker on Aug 29, 2023.
             Was a Follower of Trog.
             Succumbed to Sigmund's poison
             ... on level 2 of the Dungeon.
             The game lasted 00:01:45 (409 turns).

Almogavar the Slasher (Minotaur Berserker)           Turns: 409, Time: 00:01:46

Health: -3/27      AC:  5    Str: 21    XL:     2   Next: 65%
Magic:  1/1        EV: 11    Int:  4    God:    Trog [*.....]
Gold:   38         SH:  0    Dex:  9    Spells: 1/1 levels left

rFire   . . .        b - +0 long sword (venom)
rCold   . . .        (no shield)
rNeg    . . .        g - +0 ring mail
rPois   .            (helmet restricted)
rElec   .            (no cloak)
rCorr   .            (no gloves)
SInv    .            (no boots)
Will    .....        (no amulet) Stlth
                     (no ring)
HPRegen 0.24/turn    (no ring)
MPRegen 0.07/turn

%: no passive effects
@: confused, lethally poisoned (-3 -> -28)
A: horns 2, retaliatory headbutt
a: Renounce Religion, Berserk


You were on level 2 of the Dungeon.
You worshipped Trog.
Trog was aware of your devotion.
You visited 1 branch of the dungeon, and saw 2 of its levels.

You collected 38 gold pieces.

Inventory:

Hand Weapons
 b - a +0 long sword of venom (weapon)
Armour
 g - a +0 ring mail (worn)
Scrolls
 a - a scroll of teleportation {unknown}
 d - a scroll of amnesia {unknown}
Potions
 c - a potion of degeneration {unknown}
 e - a potion of brilliance {unknown}
 f - a potion of haste {unknown}


   Skills:
 + Level 4.0 Fighting
 + Level 4.2 Long Blades
 + Level 2.6 Armour
 + Level 2.4 Dodging


You had one spell level left.
You didn't know any spells.
Your spell library was empty.

Dungeon Overview and Level Annotations

Branches:
Dungeon (1/15)

Altars:

Annotations:
D:2 Sigmund


Innate Abilities, Weirdness & Mutations

You have a pair of horns on your head.
You reflexively headbutt those who attack you in melee.


Message History

You kill the kobold!
Trog accepts your kill.
Things that are here:
a +0 club; a kobold corpse Sigmund the Dreaded comes into view.
He is wielding a +2 scythe of venom.
Sigmund shouts!
A hobgoblin comes into view.
The hobgoblin shouts!
Sigmund casts a spell at you.
You are confused.
You are too confused!
You are too confused!
Unknown command.
You bump into the rock wall.
Sigmund casts a spell.
Sigmund flickers and vanishes!
Deactivating autopickup; reactivate with Ctrl-A.
You bump into the rock wall.
Something hits you.
You are poisoned.
You feel very sick.
Okay, then.
You bump into the rock wall.
You feel less confused.
You feel sick.
A magic dart appears from out of thin air!
The magic dart hits you.
You feel sick.
You hear some strange, mumbled words.
You are confused.
You closely miss something.
You feel sick. Something hits you.
You are lethally poisoned!
You barely miss something.
* * * LOW HITPOINT WARNING * * *
You feel very sick. Something hits you.
* * * LOW HITPOINT WARNING * * *
You are more poisoned.
You closely miss something. Your headbutt misses something.
You die...

####################
.....g{@.........).#
##################.#
#.# #.# #.# #.# #.#
#.# #.#


You could see a hobgoblin.

Vanquished Creatures
  A dart slug (D:1)
  4 ball pythons
  4 bats
  A giant cockroach (D:1)
  2 frilled lizards (D:2)
  3 goblins (D:1)
  2 kobolds (D:2)
  2 rats
19 creatures vanquished.

Notes
Turn   | Place    | Note
-------+----------+-------------------------------------------
     0 | D:1      | Almogavar the Minotaur Berserker began the quest for the
                  | Orb.
     0 | D:1      | Reached XP level 1. HP: 19/19 MP: 0/0
   113 | D:1      | Reached XP level 2. HP: 27/27 MP: 1/1
   175 | D:1      | You fall into a shaft and drop 1 floor!
   211 | D:2      | Found a faded altar of an unknown god.
   397 | D:2      | Noticed Sigmund
   409 | D:2      | Succumbed to Sigmund's poison

Illustrated notes

Levels and vault maps discovered:
D:1:      shiori_arrival_maze, layout_rooms
D:2:      layout_loops_ring, hellmonk_ecumenical_altar_lost_god,
          chequers_serial_rivers_micro_a, uniq_sigmund

Skill      XL: |  1  2 |
---------------+-------+-----
Long Blades    | 4 |  4.2
Fighting       | 4 |  4.0
Armour         | |  2.6
Dodging        | |  2.4

Action                     || total
---------------------------++-------
  Melee: Falchion          ||    23
         Headbutt          ||     2
         Long sword        ||     9
 Armour: Ring mail         ||     4
         Animal skin       ||     3
  Dodge: Dodged            ||    23
